cohdb
Replays
Latest Replays
All Replays
Popular Replays
Top Player Replays
Match Explorer
How It Works
Community
CoH3 Stats
Reddit
Sign in to upload your games and track your stats! →
Sign in with Steam
Match 41913446
Unlisted
Match 41913446
Overview
Messages
Build Orders
End
Scout Squad
Construct Barracks
Riflemen Squad
Riflemen Squad
M1 Mortar Team
Riflemen Squad
Infantry Support Center
Construct Medical Station
Construct Motor Pool
M24 Chaffee Light Tank
M24 Chaffee Light Tank
Engineer Squad
M1918 Browning Automatic Rifles
Selects Special Operations Battlegroup
Selects M29 Weasel with M1 Pack Howitzer
Selects P-47 Anti-Infantry Loiter
P-47 Anti-Infantry Loiter
M29 Weasel with M1 Pack Howitzer
XuZhongwei
Globax
0
0
Comments
sign in to comment!
No comments posted yet!